 Dungeon Crawl Stone Soup version 0.22-a0-354-g30dfbe6fde (webtiles) character file.

253 Laan the Bolt Thrower (level 6, -1/38 HPs)
             Began as a Kobold Hunter on Apr 17, 2018.
             Killed by nerve-wracking pain
             ... invoked by an orc priest
              (5 damage)
             ... on level 2 of the Dungeon.
             The game lasted 00:06:00 (3553 turns).

Laan the Bolt Thrower (Kobold Hunter)               Turns: 3553, Time: 00:06:01

Health: -1/38      AC:  3    Str:  9    XL:     6   Next: 37%
Magic:  6/6        EV: 16    Int: 13    God:
Gold:   91         SH:  0    Dex: 17    Spells: 5/5 levels left

rFire    . . .     SeeInvis .   j - -1 whip (curse)
rCold    . . .     Gourm    .   (shield restricted)
rNeg     . . .     Faith    .   c - +0 leather armour
rPois    .         Spirit   .   (no helmet)
rElec    .         Reflect  .   (no cloak)
rCorr    .         Harm     .   (no gloves)
MR       .....                  (no boots)
Stlth    ++........             (no amulet)
HPRegen  0.12/turn              (no ring)
MPRegen  0.10/turn              (no ring)

@: no status effects
A: small, carnivore
a: no special abilities


You were on level 2 of the Dungeon.
You were very full.

You visited 1 branch of the dungeon, and saw 3 of its levels.

You collected 91 gold pieces.

Inventory:

Hand Weapons
 a - a +1 hand crossbow
 b - a +0 short sword
 j - a cursed -1 whip (weapon)
Missiles
 d - 52 bolts
Armour
 c - a +0 leather armour (worn)
Scrolls
 h - a scroll of fog
 l - a scroll of identify
Potions
 e - 4 potions of cancellation
 i - 2 potions of flight {unknown}
 k - a potion of haste {unknown}
Comestibles
 f - 4 rations


   Skills:
 + Level 3.8 Fighting
 * Level 7.0 Crossbows
 + Level 4.2 Dodging
 - Level 1.3 Stealth


You had 5 spell levels left.
You didn't know any spells.

Dungeon Overview and Level Annotations

Branches:
Dungeon (3/15)

Altars:

Annotations:
D:3 Sigmund


Innate Abilities, Weirdness & Mutations

You are small and have problems with some larger weapons.
You are carnivorous and can eat meat at any time.


Message History

The orc priest closely misses you. The orc hits you but does no damage.
You hit the orc priest.
The orc priest is moderately wounded.
The orc priest barely misses you. The orc hits you with a trident.
* * * LOW HITPOINT WARNING * * *
You hit the orc priest but do no damage.
The orc priest is moderately wounded.
The orc barely misses you. The orc priest hits you with a mace.
* * * LOW HITPOINT WARNING * * *
You hit the orc priest but do no damage.
The orc priest is moderately wounded.
The orc hits you with a trident.
* * * LOW HITPOINT WARNING * * *
The orc priest closely misses you.
You closely miss the orc priest.
The orc priest is moderately wounded.
The orc hits you but does no damage.
The orc priest mumbles some strange prayers to Beogh against you.
Pain shoots through your body!
You die...

#..# ##########...
######..........##
###.......###.#####
#......#..###.######
#.#..#.............#
#.#..#.#..###.####.#
#.#....#..###.# #..
#.#@o.........## #..
#.#o##.###.....# #..
#......# #.....###..
##...### #.......###
#.###.# #.....#.# #
#.# #.# #.....#.# #
#.###.# #######.# #
##..)### #.# #
##....#########.# #


You could see an orc priest and an orc.

Vanquished Creatures
  An ogre (D:3)
  An orc wizard (D:3)
  Jessica (D:2)
  5 adders
  2 worms
  A dart slug (D:3)
  A leopard gecko (D:1)
  4 orcs (D:3)
  5 giant cockroaches
  5 hobgoblins
  8 kobolds
  A quokka (D:3)
  A ball python (D:3)
  5 bats
  2 frilled lizards
  9 goblins
  10 rats
62 creatures vanquished.

Notes
Turn   | Place    | Note
-------+----------+-------------------------------------------
     0 | D:1      | Laan the Kobold Hunter began the quest for the Orb.
     0 | D:1      | Reached XP level 1. HP: 12/12 MP: 1/1
   280 | D:1      | Reached skill level 5 in Crossbows
   287 | D:1      | Reached XP level 2. HP: 6/18 MP: 2/2
   891 | D:1      | Reached XP level 3. HP: 16/22 MP: 3/3
  1618 | D:2      | Reached XP level 4. HP: 21/27 MP: 4/4
  1791 | D:2      | Noticed Jessica
  1793 | D:2      | Killed Jessica
  1793 | D:2      | Reached skill level 6 in Crossbows
  1950 | D:2      | Reached XP level 5. HP: 31/32 MP: 5/5
  2214 | D:3      | Noticed an ogre
  2218 | D:3      | Killed an ogre
  2218 | D:3      | Reached XP level 6. HP: 32/37 MP: 6/6
  2257 | D:3      | Reached skill level 7 in Crossbows
  3366 | D:3      | Noticed Sigmund
  3553 | D:2      | Killed from afar by an orc priest

Vault maps used:
D:1:      roderic_crop_circles_arrival_small, minmay_split_cup_large
D:2:      lemuel_upstairs_altar, first_ration, hangedman_decor_clover_reticule,
          roderic_roman_lattice, uniq_jessica
D:3:      minmay_guardbox, uniq_sigmund, uniq_natasha

Skill      XL: |  1  2  3  4  5  6 |
---------------+-------------------+-----
Crossbows      | 5 6 7 |  7.0
Dodging        | 3 4 |  4.2
Fighting       | 3 |  3.8
Stealth        | |  1.3

Action                   |  1- 3 |  4- 6 || total
-------------------------+-------+-------++-------
Melee: Short sword       |   150 |    65 ||   215
       Whip              |       |    68 ||    68
 Fire: Hand crossbow     |    11 |    35 ||    46
  Use: Scroll            |       |     4 ||     4
 Stab: Sleeping          |     2 |       ||     2
  Eat: Chunk             |    11 |     4 ||    15
Armor: Leather armour    |    28 |    24 ||    52
Dodge: Dodged            |   124 |   133 ||   257

Table legend:
 A = Spawn XP
 B = Non-spawn XP
 C = Spawn XP percentage of total XP
 D = Spawn monster count
 E = Non-spawn monster count
 F = Spawn count percentage of total count
 G = Total turns spent on level
                    A         B        C        D         E        F      G
               +---------+---------+-------+---------+---------+-------+---------
         Total |       0 |     362 |   0.0 |       0 |      62 |   0.0 |  3553
               +---------+---------+-------+---------+---------+-------+---------
           D:1 |       0 |      36 |   0.0 |       0 |      22 |   0.0 |  1230
           D:2 |       0 |     120 |   0.0 |       0 |      21 |   0.0 |  1395
           D:3 |       0 |     206 |   0.0 |       0 |      19 |   0.0 |   928
               +---------+---------+-------+---------+---------+-------+---------
